 Dungeon Crawl Stone Soup version 0.30-a0-243-gaa749bd8e4 (webtiles) character file.

Game seed: 5665327562402913246

6712 Essalna the Destroyer (level 11, -12/69 HPs)
             Began as a Gargoyle Fire Elementalist on Oct 12, 2022.
             Was a Believer of Vehumet.
             Mangled by an orc warlord
             ... wielding a +3 battleaxe
              (29 damage)
             ... in a bailey.
             The game lasted 00:18:33 (9662 turns).

Essalna the Destroyer (Gargoyle Fire Elementalist)  Turns: 9662, Time: 00:18:34

Health: -12/69     AC: 19    Str: 16    XL:     11   Next: 3%
Magic:  1/14       EV: 17    Int: 19    God:    Vehumet [**....]
Gold:   510        SH:  4    Dex: 10    Spells: 4/14 levels left

rFire   . . .      SeeInvis .    F - +12 rapier "Cewergh" {freeze, Str+3}
rCold   . . .      Faith    .    u - +0 buckler
rNeg    + . .      Spirit   .    a - +0 robe
rPois   ∞          Reflect  .    h - +1 hat
rElec   +          Harm     .    (no cloak)
rCorr   .          Rampage  .    B - +0 pair of gloves
Will    .....                    w - +1 pair of boots
Stlth   ++........               (no amulet)
HPRegen 0.31/turn                S - +4 ring of protection
MPRegen 0.14/turn                H - +4 ring of evasion

@: no status effects
A: sickness immunity, AC +8, negative energy resistance 1, electricity
resistance, torment resistance 1, petrification resistance
a: Renounce Religion


You were in a bailey.
You worshipped Vehumet.
Vehumet was pleased with you.
You visited 1 branch of the dungeon, and saw 9 of its levels.
You also visited: Bailey.

You collected 565 gold pieces.
You spent 55 gold pieces at shops.

Inventory:

Hand Weapons
 g - a +0 spear
 D - a +2 vorpal trident
 F - the +12 rapier "Cewergh" (weapon) {freeze, Str+3}
   (You found it on level 4 of the Dungeon)

   It freezes those it strikes, dealing additional cold damage.
   It can also slow down cold-blooded creatures.
   Str:       It affects your strength (+3).
Missiles
 Q - a throwing net
Armour
 a - a +0 robe (worn)
 h - a +1 hat (worn)
 u - a +0 buckler (worn)
 w - a +1 pair of boots (worn)
 B - a +0 pair of gloves (worn)
Magical Staves
 G - a staff of earth
 L - a staff of air
 R - a staff of death
Jewellery
 b - an amulet of the acrobat
 c - an amulet of guardian spirit
 d - the ring "Nuraible" {rPois rN+ Str+2 Int+4 SInv}
   (You found it on level 5 of the Dungeon)

   [ring of poison resistance]

   Str:       It affects your strength (+2).
   Int:       It affects your intelligence (+4).
   rPois:     It protects you from poison.
   rN:        It protects you from negative energy.
   SInv:      It lets you see invisible.
 i - a ring of protection from fire
 A - a ring of resist corrosion
 H - a +4 ring of evasion (right hand)
 S - a +4 ring of protection (left hand)
 W - a +6 ring of intelligence
Wands
 T - a wand of roots (9)
 U - a wand of light (5)
 V - a wand of polymorph (2)
Scrolls
 j - 2 scrolls of poison
 l - 4 scrolls of teleportation
 m - a scroll of enchant armour
 s - 4 scrolls of magic mapping
 x - 2 scrolls of fog {unknown}
 y - 2 scrolls of immolation {unknown}
 C - a scroll of brand weapon {unknown}
 E - 4 scrolls of amnesia {unknown}
 I - 3 scrolls of vulnerability {unknown}
 K - a scroll of enchant weapon {unknown}
 M - 2 scrolls of noise {unknown}
 O - a scroll of blinking {unknown}
 P - 2 scrolls of identify
Potions
 e - 2 potions of lignification
 f - 2 potions of degeneration
 k - 2 potions of ambrosia
 n - 2 potions of cancellation {unknown}
 o - a potion of invisibility
 q - 3 potions of heal wounds {unknown}
 r - 3 potions of attraction {unknown}
 t - 4 potions of haste {unknown}
 v - a potion of mutation {unknown}
 z - a potion of resistance {unknown}
 J - 3 potions of might {unknown}
 N - 2 potions of brilliance {unknown}


   Skills:
 + Level 8.6 Fighting
 - Level 6.0 Armour
 + Level 5.2 Dodging
 - Level 2.1 Stealth
 - Level 4.0 Shields
 - Level 2.0 Spellcasting
 + Level 8.8 Conjurations
 + Level 8.5 Fire Magic


You had 4 spell levels left.
You knew the following spells:

 Your Spells              Type           Power      Damage    Failure   Level
a - Foxfire               Conj/Fire      100%       2x1d9     1%          1
b - Scorch                Fire           68%        2d8       1%          2
c - Flame Wave            Conj/Fire      34%        2d10      6%          4
d - Stone Arrow           Conj/Erth      36%        3d9       11%         3

Your spell library contained the following spells:

 Spells                   Type           Power      Damage    Failure   Level
 Ignite Poison            Fire/Tmut/Pois 12%        N/A       21%         3
 Inner Flame              Hex/Fire       18%        N/A       11%         3
 Kindle Blastsparks       Fire/Tloc/Air  24%        2d12      21%         3
 Necrotise                Necr           4%         1d4       22%         1
 Sandblast                Erth           2%         2d4       22%         1
 Passwall                 Tmut/Erth      0%         N/A       32%         2
 Confusing Touch          Hex            1%         N/A       54%         3
 Airstrike                Air            0%         2d(1-17)  91%         4
 Summon Lightning Spire   Summ/Air       1%         N/A       91%         4
 Lightning Bolt           Conj/Air       9%         1d21      67%         5
 Metabolic Englaciation   Hex/Ice        0%         N/A       99%         5
 Enfeeble                 Hex            0%         N/A       100%        7


Dungeon Overview and Level Annotations

Branches:
Dungeon (9/15)             Temple (0/1) D:6          Bailey (1/1)
   Lair: D:8-11         Orc: D:9-12

Altars:
Ashenzari
Elyvilon
Hepliaklqana
Qazlal
Trog
Vehumet
Xom

Shops:
D:5 !

Annotations:
D:4 2 runed translucent doors


Innate Abilities, Weirdness & Mutations

You are immune to sickness and miasma.
Your stone body is resilient. (AC +8)
You are immune to poison.
You resist negative energy. (rN+)
You are resistant to electric shocks. (rElec)
You are resistant to unholy torment.
You are immune to petrification.


Message History

Confirm with . or Enter, or press ? or * to list all spells.
Flames lash the orc warlord.
The orc warlord is lightly wounded.
The orc warlord's fire resistance burns away.
Your foxfire dissipates!
The foxfire hits the orc warlord but does no damage.
The orc warlord is lightly wounded.
The foxfire hits the orc warlord but does no damage.
The orc warlord is lightly wounded.
Casting: Scorch (safe; 1% risk of failure)
Confirm with . or Enter, or press ? or * to list all spells.
Flames lash the orc warlord.
The orc warlord is burned terribly!
The orc warlord is lightly wounded.
Casting: Scorch (safe; 1% risk of failure)
Confirm with . or Enter, or press ? or * to list all spells.
Flames lash the orc warlord.
The orc warlord is burned terribly!
The orc warlord is lightly wounded.
The orc warlord hits you with a +3 battleaxe!
Casting: Scorch (safe; 1% risk of failure)
Confirm with . or Enter, or press ? or * to list all spells.
You don't know that spell.
You barely miss the orc warlord.
The orc warlord is lightly wounded.
The orc warlord barely misses you.
You hit the orc warlord. You freeze the orc warlord.
The orc warlord is moderately wounded.
The orc warlord misses you.
You hit the orc warlord but do no damage.
The orc warlord is moderately wounded.
The orc warlord hits you with a +3 battleaxe!
You hit the orc warlord. You freeze the orc warlord.
The orc warlord is moderately wounded.
The orc warlord hits you with a +3 battleaxe.
You closely miss the orc warlord.
The orc warlord is moderately wounded.
The orc warlord hits you with a +3 battleaxe!!
* * * LOW HITPOINT WARNING * * *
The orc warlord suddenly grunts.
The orc warlord hits you with a +3 battleaxe!!
You die...

.......# #...))..#
.......##.. ##.......##
........#... #.....)...#
........###.. ##.........##
...⌠.....###'###.....⌠.....#
........##88.88##.........##
........#.......#....)....#
.......##.......##.......##
.......'......)o@'.......#
#.....##.........##.....##
####### ....⌠.....#######
........## ........#
.......## !?....! #?!∩..#


You could see an orc warlord (combustible).

Vanquished Creatures
  2 orc knights (Bailey)
  Psyche (D:9)
  A hornet (D:9)
  5 yaks
  Grum (D:9)
  2 steam dragons (D:9)
  The ghost of caelrath the Conjurer, an amateur DECj (D:4)
  An acid dragon (D:9)
  2 water moccasins
  3 black bears
  9 orc warriors
  3 ice beasts
  A sky beast (D:7)
  An ogre (D:4)
  3 wolves (D:9)
  A phantom (D:6)
  2 kobold brigands
  5 bullfrogs
  2 necrophages
  3 wights (D:8)
  7 killer bees
  3 howler monkeys
  A jelly (D:5)
  4 orc priests
  3 hounds
  5 iguanas
  5 orc wizards
  10 gnolls
  8 adders
  2 shadow imps
  5 white imps
  An ufetubus (D:5)
  2 worms (D:2)
  25 orcs
  4 ball pythons
  5 bats
  6 endoplasms
  3 giant cockroaches
  17 goblins
  18 hobgoblins
  17 kobolds
  A quokka (D:3)
  7 rats
208 creatures vanquished.

Vanquished Creatures (others)
  633 foxfires
633 creatures vanquished.

Grand Total: 841 creatures vanquished

Notes
Turn   | Place    | Note
-------+----------+-------------------------------------------
     0 | D:1      | Essalna the Gargoyle Fire Elementalist began the quest for
                  | the Orb.
     0 | D:1      | Reached XP level 1. HP: 10/10 MP: 3/3
   668 | D:1      | Reached XP level 2. HP: 16/16 MP: 1/5
   888 | D:2      | Reached skill level 1 in Fighting
  1364 | D:2      | Reached XP level 3. HP: 20/20 MP: 2/6
  2008 | D:3      | Reached XP level 4. HP: 26/26 MP: 1/7
  2510 | D:3      | Learned a level 2 spell: Scorch
  2515 | D:3      | Found a shimmering altar of Xom.
  3293 | D:4      | Found a large runed translucent door.
  3423 | D:4      | Noticed an ogre
  3431 | D:4      | Killed an ogre
  3432 | D:4      | Reached XP level 5. HP: 32/32 MP: 0/8
  3536 | D:4      | Found a transporter.
  3536 | D:4      | Noticed caelrath's ghost (amateur DECj)
  3539 | D:4      | Found a transporter.
  3608 | D:4      | Found a large runed translucent door.
  3610 | D:4      | Found a large runed translucent door.
  3616 | D:4      | Noticed a black bear
  3644 | D:4      | Reached XP level 6. HP: 29/37 MP: 0/9
  3755 | D:4      | Found a large runed translucent door.
  3846 | D:4      | Found a hazy altar of Hepliaklqana.
  3847 | D:4      | Found a white marble altar of Elyvilon.
  4008 | D:4      | Noticed a yak
  4013 | D:4      | Killed a yak
  4174 | D:4      | Found a bloodstained altar of Trog.
  4174 | D:4      | Noticed a black bear
  4175 | D:4      | Noticed a black bear
  4191 | D:4      | Killed a black bear
  4192 | D:4      | Reached skill level 5 in Fire Magic
  4192 | D:4      | Reached XP level 7. HP: 44/44 MP: 1/10
  4277 | D:4      | Identified the +12 rapier "Cewergh" {freeze, Str+3}
  4713 | D:4      | Reached skill level 5 in Conjurations
  4729 | D:4      | Got the Directory of Sinister Hexes
  4735 | D:4      | Learned a level 4 spell: Flame Wave
  4739 | D:4      | Learned a level 3 spell: Stone Arrow
  4783 | D:5      | Entered Level 5 of the Dungeon
  4838 | D:5      | Reached skill level 5 in Fighting
  4876 | D:5      | Identified the ring "Nuraible" {rPois rN+ Str+2 Int+4 SInv}
  5117 | D:5      | Reached XP level 8. HP: 49/49 MP: 7/11
  5244 | D:5      | Found a broken altar of Ashenzari.
  5498 | D:5      | Found Fuibra's Distillery.
  5504 | D:5      | Bought a potion of berserk rage for 55 gold pieces
  5578 | D:4      | Killed caelrath's ghost
  5579 | D:4      | Reached skill level 1 in Armour
  5579 | D:4      | Reached skill level 1 in Shields
  5884 | D:6      | Found a radiant altar of Vehumet.
  5886 | D:6      | Found a stormy altar of Qazlal.
  5967 | D:6      | Became a worshipper of Vehumet
  6406 | D:7      | Reached XP level 9. HP: 55/55 MP: 5/12
  7011 | D:6      | Found a staircase to the Ecumenical Temple.
  7702 | D:8      | Reached * piety under Vehumet
  7702 | D:8      | Offered knowledge of Kiss of Death by Vehumet.
  8391 | D:9      | Noticed a hornet
  8392 | D:9      | Noticed Grum
  8393 | D:9      | Noticed a centaur warrior
  8397 | D:8      | Reached XP level 10. HP: 52/63 MP: 3/13
  8523 | D:9      | Noticed Psyche
  8534 | D:9      | Killed Psyche
  8535 | D:9      | Reached skill level 5 in Armour
  8552 | D:9      | Noticed a cyclops
  8572 | D:9      | Killed Grum
  8603 | D:9      | Found a flagged portal.
  8610 | D:9      | Reached ** piety under Vehumet
  8610 | D:9      | Offered knowledge of Momentum Strike by Vehumet.
  8622 | Bailey   | Entered a bailey
  9116 | Bailey   | Noticed an orc knight
  9188 | Bailey   | Offered knowledge of Ignite Poison by Vehumet.
  9306 | Bailey   | Killed an orc knight
  9347 | Bailey   | Reached skill level 5 in Dodging
  9507 | Bailey   | Noticed an orc knight
  9523 | Bailey   | Killed an orc knight
  9524 | Bailey   | Reached XP level 11. HP: 69/69 MP: 3/14
  9651 | Bailey   | Noticed an orc warlord
  9662 | Bailey   | Mangled by an orc warlord

Illustrated notes

Levels and vault maps discovered:
D:1:      ncdulo_lavacross, layout_basic, minmay_door_square
D:2:      layout_loops_ring
D:3:      layout_basic, lemuel_doored_altar, chequers_serial_rivers_small_3,
          small_statue_intersection, minmay_crystal_room
D:4:      layout_loops_corners, trog_ov_bears_minmay,
          mainiacjoe_overflow_divided_tiny, gammafunk_ghost_arena,
          minmay_hollow_rounded_squares
D:5:      layout_rooms, lemuel_crystal_altar, serial_shops, kennysheep_mini
D:6:      layout_rooms, jmf_multi_god_temple, minmay_temple_entry_from_below_b,
          skrybe_limestone_x
D:7:      layout_basic
D:8:      layout_gridville, minmay_misc_feat_rows
D:9:      cheibrodos_fzero, layout_irregular_city, grunt_gozag_breadcrumbs,
          nicolae_ru_sacrificial_ziggurat, enter_bailey_5, serial_column_ruins,
          column_ruins_hut_water, column_ruins_hut, column_ruins_grid_1,
          column_ruins_corridor_corner, column_ruins_columns_water,
          column_ruins_grid_3, column_ruins_open_tiny_water,
          column_ruins_columns_straight, column_ruins_corridor_water,
          uniq_psyche, uniq_grum
Bailey:   bailey_axe_minmay_hex_keep, bailey

Skill      XL: |  1  2  3  4  5  6  7  8  9 10 |
---------------+-------------------------------+-----
Fighting       | 1 2 3 4 5 6 7 8 |  8.6
Conjurations   | 2 3 4 5 6 7 8 |  8.8
Fire Magic     | 4 5 6 7 8 |  8.5
Armour         | 2 4 6 |  6.0
Shields        | 2 4 |  4.0
Dodging        | 2 3 5 |  5.2
Stealth        | |  2.1
Spellcasting   | |  2.0

Action                   |  1- 3 |  4- 6 |  7- 9 | 10-12 || total
-------------------------+-------+-------+-------+-------++-------
Melee: Unarmed           |     4 |       |       |       ||     4
       Spear             |    30 |    22 |       |       ||    52
       Trident           |       |     5 |    10 |       ||    15
       Rapier            |       |       |   109 |    52 ||   161
       Punch             |       |       |     1 |       ||     1
 Cast: Foxfire           |    65 |    78 |   109 |   115 ||   367
       Scorch            |       |    14 |    10 |    29 ||    53
       Flame Wave        |       |       |     2 |     3 ||     5
  Use: Scroll            |       |       |     3 |     5 ||     8
       Potion            |       |       |     1 |     4 ||     5
 Stab: Sleeping          |     1 |     2 |     2 |       ||     5
Armor: Robe              |    17 |    10 |    49 |    34 ||   110
Dodge: Dodged            |    22 |    16 |   129 |    74 ||   241
Block: Buckler           |       |       |     7 |    20 ||    27

Table legend: (Time is in decaauts)
 A = Elapsed time spent in this place.
 B = Non-inter-level travel time spent in this place.
 C = Inter-level travel time spent in this place.
 D = Time resting spent in this place.
 E = Time spent auto-exploring this place.
 F = Levels seen in this place.
 G = Mean time per level.
                   A        B        C        D        E       F      G
               +--------+--------+--------+--------+--------+-----+--------+
         Total |   9722 |   9182 |    540 |      0 |   7661 |  10 |  972.2 |
       Dungeon |   8666 |   8126 |    540 |      0 |   6939 |   9 |  962.9 |
        Bailey |   1056 |   1056 |      0 |      0 |    722 |   1 | 1056.0 |
               +--------+--------+--------+--------+--------+-----+--------+

Top non-repeatable levels by time:
     D:4: 1546 daAuts
     D:3: 1373 daAuts
     D:8: 1369 daAuts
     D:2: 1064 daAuts
  Bailey: 1056 daAuts
     D:1: 880 daAuts
     D:7: 822 daAuts
     D:5: 797 daAuts
     D:6: 657 daAuts
     D:9: 154 daAuts
